 Dungeon Crawl Stone Soup version 0.19-a0-200-gccd4ce3 (webtiles) character file.

35 AlphabetPasta the Magician (level 3, 0/16 HPs)
             Began as a Vine Stalker Wizard on May 23, 2016.
             Slain by a worm (8 damage)
             ... on level 2 of the Dungeon.
             The game lasted 00:05:47 (1622 turns).

AlphabetPasta the Magician (Vine Stalker Wizard)    Turns: 1622, Time: 00:05:47

Health: 0/16       AC:  6    Str:  9    XL:     3   Next: 35%
Magic:  0/9        EV: 12    Int: 19    God:
Gold:   23         SH:  0    Dex: 12    Spells: 4 memorised, 3 levels left

rFire  . . .     SeeInvis .       - Unarmed
rCold  . . .     Gourm    .     a - +0 robe
rNeg   . . .     Faith    .     (no shield)
rPois  .         Spirit   +     g - +1 helmet
rElec  .         Dismiss  .     (no cloak)
rCorr  .         Reflect  .     l - +1 pair of gloves
SustAt .         Harm     .     (no boots)
MR     .....                    (no amulet)
Stlth  ++........               (no ring)
                                (no ring)

@: very slightly contaminated, repel missiles, not resistant to hostile
enchantments, unstealthy
A: fangs 2, regeneration 1, magic shield, antimagic bite, no device heal 3, rot
immunity
a: no special abilities


You were on level 2 of the Dungeon.
You were not hungry.

You visited 1 branch of the dungeon, and saw 2 of its levels.

You collected 23 gold pieces.

Inventory:

Armour
 a - a +0 robe (worn)
 b - a +0 hat
 g - a +1 helmet (worn)
 l - a +1 pair of gloves (worn)
Jewellery
 e - an uncursed ring of see invisible {unknown}
 f - an uncursed ring of positive energy {unknown}
Scrolls
 h - a scroll of enchant weapon {unknown}
 i - a scroll of enchant armour {unknown}
 j - a scroll of immolation {unknown}
Potions
 k - a potion of cancellation {unknown}
Books
 c - a book of Minor Magic

   Spells                             Type                      Level
   a - Magic Dart                     Conjuration                  1
   b - Blink                          Translocation                2
   c - Call Imp                       Summoning                    2
   d - Repel Missiles                 Charms/Air                   2
   e - Slow                           Hexes                        2
   f - Conjure Flame                  Conjuration/Fire             3
   g - Mephitic Cloud                 Conjuration/Poison/Air       3
Comestibles
 d - a bread ration


   Skills:
 - Level 1.5 Dodging
 - Level 2.4 Stealth
 + Level 1.0 Unarmed Combat
 * Level 4.0 Spellcasting
 + Level 1.3 Conjurations
 + Level 0.4 Charms
 - Level 1.0 Summonings
 - Level 1.2 Translocations
 + Level 0.2 Air Magic


You had 3 spell levels left.
You knew the following spells:

 Your Spells              Type           Power        Failure   Level  Hunger
a - Magic Dart            Conj           #...         10%         1    None
b - Blink                 Tloc           N/A          14%         2    ##.....
c - Call Imp              Summ           #.......     14%         2    ##.....
d - Repel Missiles        Chrm/Air       #.....       21%         2    ##.....


Dungeon Overview and Level Annotations

Branches:
Dungeon (2/15)

Altars:

Annotations:
D:2 Ijyb


Innate Abilities, Weirdness & Mutations

You have extremely sharp teeth.
Your natural rate of healing is unusually fast.
When hurt, damage is shared between your health and your magic reserves.
Your bite disrupts and absorbs the magic of your enemies.
Potions and wands cannot restore your health.
You are immune to rotting.


Message History

Confirm with . or Enter, or press ? or * to list all spells.
Aiming: Magic Dart
Press: ? - help, Shift-Dir - straight line, f/p - worm
Aim: a worm (severely wounded)
You miscast Magic Dart.
You feel a strange surge of energy! The worm bites you.
Casting: Magic Dart
Confirm with . or Enter, or press ? or * to list all spells.
Aiming: Magic Dart
Press: ? - help, Shift-Dir - straight line, f/p - worm
Aim: a worm (severely wounded)
The magic dart hits the worm.
The worm is severely wounded.
The worm barely misses you.
You hit the worm but do no damage.
The worm is severely wounded.
You hit the worm but do no damage.
The worm is severely wounded.
The worm bites you!
Ouch! That really hurt!
You die...

.# ######.## #.# ....
..## ##.##
#######..##...# ##...###
#.....w..#...#. ......#
#@.#...##.##...#.#
#......###....##.#
#.....###.##..##.# #
.######.#...#.......#.#
.........#...#.#..###.#..
... ####.#..#.#..# #....
.... #....#..#.##.###.###
.....#.......#.........##
.........###.##.........#


You could see a worm.

Vanquished Creatures
  An ooze (D:2)
  A worm (D:2)
  2 dart slugs
  2 giant geckos
  A giant cockroach (D:1)
  2 hobgoblins (D:2)
  2 bats (D:1)
  A giant newt (D:2)
  7 goblins
  2 kobolds (D:2)
  A rat (D:1)
22 creatures vanquished.

Notes
Turn   | Place    | Note
--------------------------------------------------------------
     0 | D:1      | AlphabetPasta the Vine Stalker Wizard began the quest for the Orb.
     0 | D:1      | Reached XP level 1. HP: 9/9 MP: 5/5
   266 | D:1      | Reached XP level 2. HP: 13/13 MP: 3/7
   270 | D:1      | Learned a level 2 spell: Blink
   273 | D:1      | Learned a level 2 spell: Call Imp
   276 | D:1      | Learned a level 2 spell: Repel Missiles
  1211 | D:2      | Reached XP level 3. HP: 16/16 MP: 5/9
  1232 | D:2      | Noticed Ijyb
  1431 | D:2      | Reached skill level 1 in Unarmed Combat
  1431 | D:2      | Reached skill level 4 in Spellcasting
  1622 | D:2      | Slain by a worm

Vault maps used:
D:1:      saegor_arrival_simple_f
D:2:      grunt_temple_overflow_open, corexii_leaking_fountain, uniq_iyjb,
          uniq_natasha

Skill      XL: |  1  2  3 |
---------------+----------+-----
Unarmed Combat | 1 |  1.0
Spellcasting   | 4 |  4.0
Dodging        | |  1.5
Stealth        | |  2.4
Conjurations   | |  1.3
Charms         | |  0.4
Summonings     | |  1.0
Translocations | |  1.2
Air Magic      | |  0.2

Action                   || total
-------------------------++-------
Melee: Unarmed           ||    33
       Bite              ||     8
 Cast: Magic Dart        ||    74
       Repel Missiles    ||     1
  Eat: Chunk             ||     2
Armor: Robe              ||     8
Dodge: Dodged            ||    15
       Deflected         ||     1
